 Dungeon Crawl Stone Soup version 0.31-a0-133-gaae73658be (webtiles) character file.

Game seed: 2117505370559165180

5437 Ijustatesigmund the Conjurer (level 10, -2/66 HPs)
             Began as an Octopode Conjurer on June 2, 2023.
             Was a Priest of Cheibriados.
             Slain by a gnoll sergeant
             ... wielding a +1 trident of freezing
              (4 damage)
             ... on level 9 of the Dungeon.
             The game lasted 00:31:47 (14039 turns).

Ijustatesigmund the Conjurer (Octopode Conjurer)   Turns: 14039, Time: 00:31:48

Health: -2/66      AC:  2    Str: 14    XL:     10   Next: 68%
Magic:  27/30      EV: 15    Int: 30    God:    Cheibriados [***...]
Gold:   360        SH:  0    Dex: 16    Spells: 17/24 levels left

rFire   . . .        f - staff of conjuration
rCold   . . .        (no shield)
rNeg    . . .        s - +1 hat
rPois   .            (no amulet)
rElec   .            d - ring of wizardry
rCorr   .            q - ring of magical power
SInv    .            (no ring)
Will    +....        (no ring)
Stlth   +++          (no ring)
HPRegen 0.31/turn    (no ring)
MPRegen 0.22/turn    (no ring)
                     (no ring)

%: clarity, wizardry (x1)
@: very slow
A: almost no armour, amphibious, 8 rings, camouflage 1, gelatinous body 1,
(nimble swimmer 1), tentacles, clarity, strong-willed 1
a: Renounce Religion, Bend Time, Temporal Distortion


You were on level 9 of the Dungeon.
You worshipped Cheibriados.
Cheibriados was most pleased with you.
You visited 2 branches of the dungeon, and saw 10 of its levels.
You also visited: Sewer.

You collected 660 gold pieces.
You spent 300 gold pieces at shops.

Inventory:

Hand Weapons
 a - a +0 morningstar
 e - a +5 flail
Armour
 s - a +1 hat (worn)
Magical Staves
 f - a staff of conjuration (weapon)
Jewellery
 d - a ring of wizardry (left tentacle)
 q - a ring of magical power (right tentacle)
Wands
 i - a wand of flame (12)
 l - a wand of polymorph (1)
 t - a wand of paralysis (14)
Scrolls
 b - 2 scrolls of immolation
 j - 5 scrolls of teleportation
 o - a scroll of fog
 r - a scroll of enchant armour
 w - a scroll of identify
Potions
 g - 2 potions of enlightenment
 h - a potion of mutation
 k - a potion of resistance
 m - 2 potions of might {unknown}
 n - a potion of invisibility {unknown}
 p - 2 potions of lignification {unknown}
Miscellaneous
 c - a lightning rod (1/4)
 v - a phial of floods


   Skills:
 + Level 5.2 Fighting
 - Level 3.4 Staves
 - Level 4.1 Dodging
 - Level 2.6 Stealth
 + Level 7.5 Spellcasting
 + Level 7.7 Conjurations
 - Level 6.0 Translocations
 + Level 4.6 Invocations
 + Level 5.1 Evocations


You had 17 spell levels left.
You knew the following spells:

 Your Spells              Type           Power      Damage    Failure   Level
a - Magic Dart            Conj           100%       1d8       1%          1
b - Searing Ray           Conj           100%       2d8       1%          2
c - Iskenderun's Mystic   Conj/Tloc      68%        2d14      1%          4

Your spell library contained the following spells:

 Spells                   Type           Power      Damage    Failure   Level
 Summon Small Mammal      Summ           44%        N/A       1%          1
 Dazzling Flash           Conj/Hex       100%       N/A       1%          3
 Volatile Blastmotes      Fire/Tloc      58%        2d14      1%          3
 Fulminant Prism          Conj/Hex       25%        3d13      4%          4
 Call Canine Familiar     Summ           11%        N/A       6%          3
 Summon Guardian Golem    Hex/Summ       11%        N/A       6%          3
 Lee's Rapid Deconstruct  Erth           5%         3d6*      43%         5


Dungeon Overview and Level Annotations

Branches:
Dungeon (9/15)             Temple (1/1) D:6           Sewer (visited)
   Lair: D:8-11         Orc: D:9-12

Altars:
Ashenzari
Cheibriados
Dithmenos
Elyvilon
Fedhas
Hepliaklqana
Kikubaaqudgha
Makhleb
Nemelex Xobeh
Okawaru
Qazlal
Ru
Sif Muna
Uskayaw
Vehumet
Yredelemnul
Zin
The Shining One

Shops:
D:1 *   D:9 (

Annotations:
D:9 2 transporters, monokles's ghost, novice VSWn


Innate Abilities, Weirdness & Mutations

You cannot wear most types of armour.
You are amphibious.
You can wear up to eight rings at the same time.
Your skin changes colour to match your surroundings (Stealth+).
Your rubbery body absorbs attacks. (AC +1, EV +1)
((You are camouflaged when in or above water. (Stealth+)))
You have tentacles for arms and can constrict up to eight enemies at once.
You possess an exceptional clarity of mind.
You are strong-willed. (Will+)


Message History

You kill the gnoll!
Cheibriados appreciates the change of pace.
The mystic blast hits the gnoll!
The gnoll is almost dead.
The gnoll is knocked back by the mystic blast.
The gnoll slams into the rock wall!
You kill the gnoll!
Cheibriados thoroughly appreciates the change of pace.
You can now warp the flow of time around you.
The mystic blast hits the two-headed ogre!
The two-headed ogre is moderately wounded.
The two-headed ogre is knocked back by the mystic blast.
The mystic blast hits the gnoll sergeant!
The gnoll sergeant is moderately wounded.
The gnoll sergeant is knocked back by the mystic blast.
The mystic blast hits the gnoll.
The gnoll is moderately wounded.
The gnoll is knocked back by the mystic blast.
The gnoll shouts!
The gnoll barely misses you.
As you read the scroll of summoning, it crumbles to dust.
Wisps of shadow whirl around you...
The gnoll sergeant hits you from afar with a +1 trident of freezing.
The gnoll sergeant freezes you. The gnoll closely misses you.
The gnoll attacks as you move away! The gnoll hits you with a +0 club.
* * * LOW HITPOINT WARNING * * *
Your centaur wields a +3 shortbow.
Your centaur shoots an arrow.
The arrow hits the gnoll!
Your hornet barely misses the gnoll.
The two-headed ogre barely misses your wight.
The two-headed ogre completely misses your wight.
The gnoll hits your wight but does no damage.
Your wight hits the gnoll with a +0 hand axe!
The gnoll dies!
Cheibriados appreciates the change of pace.
Your wight hits the two-headed ogre with a +0 hand axe!
The gnoll sergeant hits you from afar with a +1 trident of freezing!
* * * LOW HITPOINT WARNING * * *
The gnoll sergeant freezes you.
You die...

#....# #####.####
#.......### #####+###
#.........# #....)...
#.......#.# #........
#.......#.# #........
.........#.# #gg......
###.......#.###.Og.....
#.......#.zz@zy..<...
#.......#####c.......
#.......# #########


You could see a two-headed ogre (ally target), a gnoll sergeant, 2 gnolls, a
friendly hornet (summoned), a friendly centaur (summoned) and 3 friendly wights.

Vanquished Creatures
  A rust devil (D:9)
  A red devil (D:9)
  A wyvern (D:9)
  3 ynoxinuls (D:9)
  A spriggan (D:8)
  A wraith (D:6)
  A steam dragon (D:7)
  A water moccasin (D:7)
  An ice beast (D:7)
  A black bear (D:6)
  2 sky beasts
  4 centaurs
  3 ogres
  2 kobold brigands
  Blork the orc (D:4)
  3 bullfrogs
  4 scorpions
  10 wights
  5 killer bees (D:9)
  A crimson imp (D:6)
  7 hounds
  5 jellies
  5 orc priests
  A quasit (D:7)
  A gnoll bouda (D:8)
  Jessica (D:3)
  A sleepcap (D:7)
  Ijyb (D:3)
  3 iguanas
  Natasha (thrice) (D:2)
  10 orc wizards
  9 gnolls
  9 adders
  2 river rats
  A shadow imp (D:5)
  An ufetubus (D:3)
  4 worms
  2 dart slugs (D:1)
  29 orcs
  19 endoplasms
  7 giant cockroaches
  6 goblins
  5 hobgoblins
  17 kobolds
  6 quokkas
  10 ball pythons
  6 bats
  8 frilled lizards
  3 goblin zombies (D:7)
  5 hobgoblin zombies (D:7)
  A kobold skeleton (D:7)
  2 kobold zombies (D:7)
  2 orc skeletons (D:7)
  2 orc zombies (D:7)
  8 rats
249 creatures vanquished.

Vanquished Creatures (collateral kills)
  A gnoll (D:9)
1 creature vanquished.

Grand Total: 250 creatures vanquished

Notes
Turn   | Place    | Note
-------+----------+-------------------------------------------
     0 | D:1      | Ijustatesigmund the Octopode Conjurer began the quest for
                  | the Orb.
     0 | D:1      | Reached XP level 1. HP: 11/11 MP: 3/3
   225 | D:1      | Reached XP level 2. HP: 17/17 MP: 1/5
   228 | D:1      | Learned a level 2 spell: Searing Ray
   828 | D:1      | Found Suucs's General Store.
   834 | D:1      | Bought a scroll of identify for 24 gold pieces
   834 | D:1      | Bought a potion of curing for 36 gold pieces
   892 | D:1      | You fall into a shaft and drop 1 floor!
   902 | D:2      | Reached XP level 3. HP: 12/21 MP: 3/6
   955 | D:2      | Noticed Natasha
   962 | D:2      | Killed Natasha
  1036 | D:2      | Noticed Natasha
  1043 | D:2      | Killed Natasha
  1044 | D:2      | Reached XP level 4. HP: 4/27 MP: 2/8
  1076 | D:2      | Noticed Natasha
  1079 | D:2      | Killed Natasha
  1080 | D:2      | Reached skill level 5 in Conjurations
  1679 | D:2      | Learned a level 4 spell: Iskenderun's Mystic Blast
  1789 | D:2      | Reached XP level 5. HP: 31/31 MP: 5/10
  2419 | D:3      | Reached skill level 1 in Translocations
  2421 | D:3      | Reached skill level 1 in Fighting
  2651 | D:3      | Found a faded altar of an unknown god.
  2834 | D:3      | Found a sacrificial altar of Ru.
  2905 | D:3      | Noticed Ijyb
  2906 | D:3      | Noticed Jessica
  2911 | D:3      | Killed Jessica
  2920 | D:3      | Killed Ijyb
  3415 | D:4      | Reached XP level 6. HP: 39/39 MP: 6/11
  3419 | D:4      | Noticed Blork the orc
  3442 | D:4      | Killed Blork the orc
  3485 | D:4      | Reached XP level 7. HP: 39/45 MP: 0/13
  3506 | D:4      | Found a glowing drain.
  3532 | Sewer    | Entered a sewer
  4475 | Sewer    | Found a viscous altar of Jiyva.
  4655 | D:4      | Found a hide-covered altar of Uskayaw.
  4658 | D:4      | Gained mutation: Your spells are a little harder to cast,
                  | but a little more powerful. [potion of mutation]
  4658 | D:4      | Gained mutation: You possess an exceptional clarity of
                  | mind. [potion of mutation]
  4658 | D:4      | Lost mutation: Your spells are a little harder to cast, but
                  | a little more powerful. [potion of mutation]
  4658 | D:4      | Gained mutation: You are strong-willed. (Will+) [potion of
                  | mutation]
  4730 | D:4      | Found a stormy altar of Qazlal.
  5261 | D:4      | Reached skill level 5 in Spellcasting
  5263 | D:4      | Reached skill level 1 in Staves
  5625 | D:5      | Entered Level 5 of the Dungeon
  5909 | D:5      | Reached XP level 8. HP: 43/50 MP: 11/15
  6180 | D:5      | Found a shadowy altar of Dithmenos.
  6408 | D:5      | Reached skill level 5 in Translocations
  6720 | D:6      | Noticed a wraith
  6735 | D:6      | Killed a wraith
  8055 | D:6      | Reached XP level 9. HP: 54/54 MP: 9/18
  8156 | D:1      | Bought a ring of magical power for 240 gold pieces
  8471 | D:6      | Reached skill level 1 in Evocations
  9338 | D:6      | Found a staircase to the Ecumenical Temple.
  9344 | Temple   | Entered the Ecumenical Temple
  9416 | Temple   | Became a worshipper of Cheibriados the Contemplative
  9522 | D:6      | Found a burning altar of Makhleb.
  9824 | D:7      | Reached skill level 1 in Invocations
 10411 | D:7      | Found an iron altar of Okawaru.
 10873 | D:7      | Found a glowing golden altar of the Shining One.
 10923 | D:7      | Reached * piety under Cheibriados
 10983 | D:7      | Found a hazy altar of Hepliaklqana.
 12323 | D:8      | Reached XP level 10. HP: 63/63 MP: 20/20
 12642 | D:9      | Reached ** piety under Cheibriados
 13229 | D:9      | Found Sayzumm's Weapon Shop.
 13229 | D:9      | Noticed a +0 great mace
 13229 | D:9      | Noticed a +0 great mace
 13253 | D:9      | Found a transporter.
 13548 | D:9      | Noticed a rust devil
 13558 | D:9      | Killed a rust devil
 13559 | D:9      | Reached skill level 5 in Fighting
 13559 | D:9      | Reached skill level 5 in Evocations
 13928 | D:9      | Found a transporter.
 13933 | D:9      | Noticed a two-headed ogre
 13936 | D:9      | Noticed a two-headed ogre
 13938 | D:9      | Noticed monokles's ghost (novice VSWn)
 13938 | D:9      | Noticed a two-headed ogre
 13939 | D:9      | Noticed a two-headed ogre
 13944 | D:9      | Identified the +7 giant spiked club "Owoptips" {freeze,
                  | +Blink rF+ Str+2}
 13944 | D:9      | Noticed a two-headed ogre
 14033 | D:9      | Noticed a two-headed ogre
 14036 | D:9      | Reached *** piety under Cheibriados
 14039 | D:9      | HP: 2/66 [gnoll sergeant/+1 trident of freezing (16)]
 14039 | D:9      | Slain by a gnoll sergeant

Illustrated notes

Levels and vault maps discovered:
D:1:      minmay_arrival_glassed_features, layout_loops_ring, serial_shops,
          shop, chequers_serial_rivers_room_b, kennysheep_flooded_box,
          minivault_19
D:2:      layout_loops_ring, uniq_natasha
D:3:      layout_rooms, lemuel_doored_altar,
          shapermc_ecumenical_altar_mp_urbaneastern, uniq_ijyb, uniq_jessica
D:4:      kb_forest_paths, layout_rooms, marbit_many_paths,
          lemuel_coloured_pillars_altar, portal_sewer_entry_b,
          uniq_blork_the_orc
D:5:      layout_loops_cross, grunt_dithmenos_smoke, serial_bayou_pond_a,
          roderic_roman_lattice
D:6:      layout_loops_ring, makhleb_grotto_becter, minmay_temple_entry_wispy
D:7:      layout_loops_corners, mainiacjoe_overflow_paths,
          okawaru_ov_weapons_minmay, nicolae_tso_besieged_by_evil
D:8:      layout_rooms, kennysheep_minor_cross, the_hattery
D:9:      layout_roguey, serial_demonic, serial_demonic_g, serial_demonic_e,
          serial_demonic_d, serial_demonic_b, serial_demonic_a,
          serial_demonic_e, gammafunk_ghost_smash, serial_shops,
          nicolae_shop_mannequins, hangedman_ranch
Temple:   cyrus_temple_forest

Skill      XL: |  1  2  3  4  5  6  7  8  9 10 |
---------------+-------------------------------+-----
Spellcasting   | 3 4 5 6 7 |  7.5
Conjurations   | 5 7 |  7.7
Translocations | 2 3 4 5 6 |  6.0
Fighting       | 2 4 5 |  5.2
Staves         | 1 3 |  3.4
Dodging        | 4 |  4.1
Evocations     | 3 5 |  5.1
Invocations    | 3 4 |  4.6
Stealth        | |  2.6

Action                     |  1- 3 |  4- 6 |  7- 9 | 10-12 || total
---------------------------+-------+-------+-------+-------++-------
  Melee: Unarmed           |     9 |       |       |       ||     9
         Tentacles         |     5 |     2 |    20 |     2 ||    29
         Constrict         |     3 |     4 |    17 |     3 ||    27
         Staff             |     8 |     9 |    73 |    13 ||   103
         Punch             |     1 |       |     2 |       ||     3
   Cast: Magic Dart        |    37 |    79 |   115 |     5 ||   236
         Searing Ray       |     2 |    11 |    27 |     1 ||    41
         Iskenderun's Myst |       |     2 |    66 |    33 ||   101
  Evoke: Wand              |       |       |     2 |       ||     2
         Lightning rod     |       |       |       |     5 ||     5
    Use: Potion            |       |     6 |     2 |       ||     8
         Scroll            |       |     6 |    14 |     2 ||    22
   Stab: Sleeping          |       |       |     6 |       ||     6
 Armour: Skin              |       |     2 |     6 |       ||     8
  Dodge: Dodged            |    16 |    23 |    88 |    25 ||   152

Table legend: (Time is in decaauts)
 A = Elapsed time spent in this place.
 B = Non-inter-level travel time spent in this place.
 C = Inter-level travel time spent in this place.
 D = Time resting spent in this place.
 E = Time spent auto-exploring this place.
 F = Levels seen in this place.
 G = Mean time per level.
                   A        B        C        D        E       F      G
               +--------+--------+--------+--------+--------+-----+--------+
         Total |  14694 |  14197 |    497 |   5691 |   6888 |  11 | 1335.8 |
       Dungeon |  13524 |  13078 |    446 |   5123 |   6463 |   9 | 1502.7 |
        Temple |    114 |     64 |     50 |      0 |     56 |   1 |  114.0 |
         Sewer |   1055 |   1055 |      0 |    568 |    369 |   1 | 1055.0 |
               +--------+--------+--------+--------+--------+-----+--------+

Top non-repeatable levels by time:
     D:7: 2188 daAuts
     D:6: 2047 daAuts
     D:5: 1642 daAuts
     D:9: 1551 daAuts
     D:4: 1436 daAuts
     D:2: 1271 daAuts
     D:1: 1269 daAuts
     D:8: 1137 daAuts
   Sewer: 1055 daAuts
     D:3: 979 daAuts
  Temple: 114 daAuts
